 Dungeon Crawl Stone Soup version 0.30-a0-371-gad7725a93e (webtiles) character file.

Game seed: 6030558466378397275

56 bande the Shield-Bearer (level 3, 0/24 HPs)
             Began as a Gargoyle Fighter on Nov 21, 2022.
             Slain by Natasha (5 damage)
             ... on level 2 of the Dungeon.
             The game lasted 00:01:43 (1083 turns).

bande the Shield-Bearer (Gargoyle Fighter)          Turns: 1083, Time: 00:01:43

Health: 0/24       AC: 12    Str: 19    XL:     3   Next: 95%
Magic:  3/3        EV:  7    Int:  8    God:
Gold:   54         SH:  5    Dex: 16    Spells: 2/2 levels left

rFire   . . .      SeeInvis +    a - +0 war axe
rCold   . . .      Faith    .    c - +0 buckler
rNeg    + . .      Spirit   .    i - +0 chain mail
rPois   ∞          Reflect  .    (no helmet)
rElec   +          Harm     .    (no cloak)
rCorr   .          Rampage  .    (no gloves)
Will    +....                    (no boots)
Stlth   ..........               (no amulet)
HPRegen 0.24/turn                k - ring "Hacaezxukh" {rPois Will+ Dex+5}
MPRegen 0.08/turn                m - ring of see invisible

@: no status effects
A: sickness immunity, AC +3, negative energy resistance 1, electricity
resistance, torment resistance 1, petrification resistance
a: no special abilities


You were on level 2 of the Dungeon.
You visited 1 branch of the dungeon, and saw 2 of its levels.

You collected 54 gold pieces.

Inventory:

Hand Weapons
 a - a +0 war axe (weapon)
Armour
 c - a +0 buckler (worn)
 i - a +0 chain mail (worn)
Jewellery
 k - the ring "Hacaezxukh" (left hand) {rPois Will+ Dex+5}
   (You found it on level 2 of the Dungeon)

   [ring of poison resistance]

   Dex:       It affects your dexterity (+5).
   rPois:     It protects you from poison.
   Will:      It increases your willpower.
 m - a ring of see invisible (right hand)
Scrolls
 b - a scroll of vulnerability {unknown}
 f - a scroll of enchant armour {unknown}
 g - a scroll of identify {unknown}
 l - a scroll of enchant weapon {unknown}
 n - a scroll of amnesia {unknown}
Potions
 d - 3 potions of might
 e - a potion of curing {unknown}
 h - 3 potions of degeneration {unknown}
 j - 3 potions of flight {unknown}


   Skills:
 + Level 3.8 Fighting
 + Level 2.2 Axes
 + Level 3.6 Armour
 + Level 4.2 Shields


You had 2 spell levels left.
You didn't know any spells.
Your spell library contained the following spells:

 Spells                   Type           Power      Damage    Failure   Level
 Summon Small Mammal      Summ           0%         N/A       100%        1
 Call Canine Familiar     Summ           0%         N/A       100%        3
 Summon Guardian Golem    Hex/Summ       0%         N/A       100%        3
 Leda's Liquefaction      Hex/Erth       0%         N/A       100%        4
 Lee's Rapid Deconstruct  Erth           0%         3d4*      100%        5
 Statue Form              Tmut/Erth      Unusable   N/A       N/A         6

Dungeon Overview and Level Annotations

Branches:
Dungeon (2/15)

Altars:

Annotations:
D:2 Natasha


Innate Abilities, Weirdness & Mutations

You are immune to sickness and miasma.
Your stone body is resilient. (AC +3)
You are immune to poison.
You resist negative energy. (rN+)
You are resistant to electric shocks. (rElec)
You are resistant to unholy torment.
You are immune to petrification.


Message History

The frilled lizard bites you but does no damage.
You slash Natasha!
Natasha is almost dead.
You slash the frilled lizard!
You kill the frilled lizard!
You barely miss the shadow imp.
Natasha mumbles some strange words.
The shadow imp gestures at you. You resist with significant effort.
Natasha casts a spell.
You slash Natasha!
You kill Natasha!
Natasha screams in pain as she dies!
The shadow imp disappears in a puff of smoke!
The crimson imp disappears in a puff of smoke!
The white imp disappears in a puff of smoke!
Your Axes skill increases to level 2!
You see here the felid corpse of Natasha.
Unknown command.
Natasha, Servant of Life and Death comes into view.
Natasha is nearby!
Natasha hisses angrily.
Natasha claws you.
You closely miss Natasha.
Natasha stares at you and mumbles some strange words.
The magic dart hits you!
You are too injured to fight recklessly!
You are too injured to fight recklessly!
You are too injured to fight recklessly!
You are too injured to fight recklessly!
You are too injured to fight recklessly!
You are too injured to fight recklessly!
You are too injured to fight recklessly!
You are too injured to fight recklessly!
You are too injured to fight recklessly!
You miss Natasha. Natasha claws you.
* * * LOW HITPOINT WARNING * * *
Natasha barely misses you.
You closely miss Natasha. Natasha claws you but does no damage.
You closely miss Natasha. Natasha barely misses you. Natasha claws you.
You die...

.# ... ... #.. #
############+#
#....h@...##.#
#.#######.##.###
#......#
...###.#....#
.............#
###..[.....†.########
#####.##..........'
#.##.#.########
#......#


You could see Natasha.

Vanquished Creatures
  Natasha (D:2)
  An adder (D:2)
  2 worms (D:2)
  An endoplasm (D:2)
  2 giant cockroaches (D:1)
  2 goblins (D:2)
  A hobgoblin (D:1)
  4 jackals (D:1)
  A ball python (D:1)
  A bat (D:2)
  A frilled lizard (D:2)
  A kobold (D:1)
18 creatures vanquished.

Notes
Turn   | Place    | Note
-------+----------+-------------------------------------------
     0 | D:1      | bande the Gargoyle Fighter began the quest for the Orb.
     0 | D:1      | Reached XP level 1. HP: 14/14 MP: 1/1
   474 | D:1      | Reached XP level 2. HP: 19/19 MP: 2/2
   687 | D:2      | Identified the ring "Hacaezxukh" {rPois Will+ Dex+5}
  1027 | D:2      | Reached skill level 4 in Shields
  1027 | D:2      | Reached XP level 3. HP: 24/24 MP: 3/3
  1051 | D:2      | Noticed Natasha
  1060 | D:2      | Killed Natasha
  1076 | D:2      | Noticed Natasha
  1083 | D:2      | Slain by Natasha

Illustrated notes

Levels and vault maps discovered:
D:1:      saegor_arrival_simple_a, layout_basic
D:2:      layout_loops_corners, basic_altar, grunt_ministairs_15, st_stairs_10,
          kennysheep_nub, nicolae_hexahallways, uniq_natasha

Skill      XL: |  1  2  3 |
---------------+----------+-----
Shields        | 4 |  4.2
Axes           | 2 |  2.2
Fighting       | |  3.8
Armour         | |  3.6

Action                   || total
-------------------------++-------
Melee: War axe           ||    59
Armor: Chain mail        ||    41
       Scale mail        ||     4
Dodge: Dodged            ||    24
Block: Buckler           ||    13

Table legend: (Time is in decaauts)
 A = Elapsed time spent in this place.
 B = Non-inter-level travel time spent in this place.
 C = Inter-level travel time spent in this place.
 D = Time resting spent in this place.
 E = Time spent auto-exploring this place.
 F = Levels seen in this place.
 G = Mean time per level.
                   A        B        C        D        E       F      G
               +--------+--------+--------+--------+--------+-----+--------+
         Total |   1107 |   1076 |     31 |    144 |    744 |   2 |  553.5 |
       Dungeon |   1107 |   1076 |     31 |    144 |    744 |   2 |  553.5 |
               +--------+--------+--------+--------+--------+-----+--------+

Top non-repeatable levels by time:
     D:1: 692 daAuts
     D:2: 415 daAuts
